 Dungeon Crawl Stone Soup version 0.28-a0-2-g643f2454ad (webtiles) character file.

Game seed: 16076168505619275401

1233 Sweetruy1997 the Poker (level 8, -1/68 HPs)
             Began as a Hill Orc Monk on July 22, 2021.
             Was a Priest of Beogh.
             Slain by a yak (3 damage)
             ... on level 5 of the Dungeon.
             The game lasted 00:19:04 (6810 turns).

Sweetruy1997 the Poker (Hill Orc Monk)              Turns: 6810, Time: 00:19:05

Health: -1/68      AC:  5    Str: 14    XL:     8   Next: 48%
Magic:  7/13       EV: 12    Int: 10    God:    Beogh [***...]
Gold:   102        SH:  0    Dex: 15    Spells: 2/13 levels left

rFire   . . .      SeeInvis .   f - +2 trident (freeze)
rCold   . . .      Faith    .   (no shield)
rNeg    . . .      Spirit   .   n - +0 leather armour
rPois   .          Reflect  .   o - +0 helmet
rElec   .          Harm     .   q - +0 cloak
rCorr   .          Rampage  .   (no gloves)
Will    .....                   (no boots)
Stlth   ++........              (no amulet)
HPRegen 0.21/turn               (no ring)
MPRegen 0.13/turn               (no ring)

@: hasted, very quick
A: no striking features
a: Renounce Religion, Smiting


You were on level 5 of the Dungeon.
You worshipped Beogh.
Beogh was most pleased with you.
You visited 2 branches of the dungeon, and saw 6 of its levels.

You collected 102 gold pieces.

Inventory:

Hand Weapons
 f - a +2 trident of freezing (weapon)
Armour
 n - a +0 leather armour (worn)
 o - a +0 helmet (worn)
 q - a +0 cloak (worn)
Wands
 l - a wand of iceblast (6)
Scrolls
 c - a scroll of brand weapon
 d - 2 scrolls of amnesia
 h - a scroll of summoning
 i - a scroll of silence {unknown}
 j - 2 scrolls of enchant weapon {unknown}
 m - a scroll of holy word {unknown}
 p - a scroll of magic mapping {unknown}
Potions
 a - a potion of might {unknown}
 e - a potion of attraction {unknown}
 g - 2 potions of flight


   Skills:
 - Level 5.0 Fighting
 - Level 0.2 Short Blades
 - Level 4.3(6.5) Axes
 + Level 6.4(6.8) Polearms
 - Level 2.0 Armour
 - Level 3.0 Dodging
 - Level 2.0 Stealth
 + Level 3.3 Spellcasting
 - Level 3.0 Conjurations
 + Level 1.4 Summonings
 + Level 0.8 Transmutations
 + Level 0.1 Air Magic
 + Level 0.2 Poison Magic
 + Level 0.1 Evocations


You had 2 spell levels left.
You knew the following spells:

 Your Spells              Type           Power      Damage    Failure   Level
a - Magic Dart            Conj           28%        1d4       10%         1
b - Call Imp              Summ           4%         N/A       28%         2
c - Sublimation of Blood  Necr           0%         N/A       45%         2
d - Beastly Appendage     Tmut           6%         N/A       24%         1
e - Wereblood             Tmut           3%         N/A       34%         2
f - Mephitic Cloud        Conj/Pois/Air  3%         N/A       54%         3

Your spell library contained the following spells:

 Spells                   Type           Power      Damage    Failure   Level
 Spider Form              Tmut/Pois      1%         N/A       63%         3
 Summon Hydra             Summ           2%         N/A       100%        7
 Chain Lightning          Conj/Air       2%         3d2       100%        9
 Fire Storm               Conj/Fire      2%         8d1       100%        9


Dungeon Overview and Level Annotations

Branches:
Dungeon (5/15)             Temple (1/1) D:4

Altars:
Ashenzari
Cheibriados
Elyvilon
Kikubaaqudgha
Okawaru
Qazlal
Ru
Uskayaw
Vehumet
Wu Jian
Xom
Yredelemnul
Zin


Message History

You hit the yak. You freeze the yak.
The yak is moderately wounded.
The yak gores you but does no damage. The yak gores you!
Your magical contamination has completely faded away.
There is an open door here.
You puncture the yak! You freeze the yak.
The yak is severely wounded.
The yak gores you!
* * * LOW HITPOINT WARNING * * *
You puncture the yak! You freeze the yak.
The yak is almost dead.
The yak barely misses you.
You hit the yak. You freeze the yak.
You kill the yak!
Beogh accepts your kill.
You feel yourself speed up. The yak closely misses you.
You hit the yak but do no damage.
The yak is lightly wounded.
You barely miss the yak.
The yak is lightly wounded.
The yak gores you!
* * * LOW HITPOINT WARNING * * *
You hit the yak but do no damage.
The yak is lightly wounded.
The yak barely misses you.
You hit the yak. You freeze the yak.
The yak is lightly wounded.
You puncture the yak! You freeze the yak.
The yak is heavily wounded.
The yak gores you but does no damage.
You hit the yak. You freeze the yak.
The yak is severely wounded.
The yak gores you.
* * * LOW HITPOINT WARNING * * *
You barely miss the yak.
The yak is severely wounded.
You hit the yak. You freeze the yak.
The yak is severely wounded.
The yak gores you.
You die...

.............#......... ######
.............#......##. ##....#
.Y...........#......##.
#..#⌠.###......†......#......##.
##..#^#.⌠#########.....#.........
≈...≈...### #....#.....#.........
.≈≈..≈...## #....#.....#.........
._##≈≈....# #....Y.....#
≈....#.#..# #...@#.....# ####
#.≈####.#.########.....# ....
≈#≈..##^#..............# ....
.≈.≈...####)...........# ....
..≈#...#.##............####+#####
.≈.###..#.#......................
.#.≈#..≈≈##.)....................
≈≈≈≈.#.≈⌠≈#......................
#≈##≈≈#####....####'###..........


You could see a yak.

Vanquished Creatures
  2 yaks (D:5)
  Eustachio (D:5)
  2 ogres (D:5)
  Blork the orc (D:4)
  A bullfrog (D:3)
  A bullfrog zombie (D:5)
  An orc priest (D:3)
  2 jellies (D:5)
  3 hounds
  Crazy Yiuf (D:3)
  An orc wizard (D:3)
  A howler monkey skeleton (D:4)
  9 gnolls
  6 adders
  A white imp (D:5)
  3 ufetubi
  An adder skeleton (D:5)
  A worm (D:2)
  4 dart slugs
  2 orcs
  8 ball pythons
  7 endoplasms
  4 giant cockroaches
  9 goblins
  4 hobgoblins
  9 kobolds
  6 quokkas
  5 bats
  2 frilled lizards
  3 rats
101 creatures vanquished.

Vanquished Creatures (collateral kills)
  A gnoll (D:5)
  A white imp (D:4)
2 creatures vanquished.

Grand Total: 103 creatures vanquished

Notes
Turn   | Place    | Note
-------+----------+-------------------------------------------
     0 | D:1      | Sweetruy1997 the Hill Orc Monk began the quest for the Orb.
     0 | D:1      | Reached XP level 1. HP: 19/19 MP: 1/1
   249 | D:1      | Reached XP level 2. HP: 16/27 MP: 2/2
   785 | D:1      | Reached XP level 3. HP: 33/33 MP: 3/3
  1403 | D:2      | Learned a level 1 spell: Magic Dart
  1443 | D:2      | Reached skill level 1 in Polearms
  1719 | D:2      | Reached XP level 4. HP: 41/41 MP: 0/4
  1921 | D:3      | Learned a level 2 spell: Call Imp
  2168 | D:3      | Reached skill level 2 in Polearms
  2343 | D:3      | Became a worshipper of Beogh the Brigand
  2343 | D:3      | Reached * piety under Beogh
  2343 | D:3      | Reached ** piety under Beogh
  2498 | D:3      | Found a runed translucent door.
  2499 | D:3      | Noticed Crazy Yiuf
  2657 | D:3      | Found a sacrificial altar of Ru.
  2664 | D:3      | Reached XP level 5. HP: 44/47 MP: 2/5
  2730 | D:3      | Reached skill level 1 in Spellcasting
  2730 | D:3      | Reached skill level 1 in Conjurations
  2733 | D:3      | Learned a level 2 spell: Sublimation of Blood
  2795 | D:3      | Reached skill level 3 in Polearms
  3353 | D:3      | Reached XP level 6. HP: 29/55 MP: 8/8
  3710 | D:4      | You fall into a shaft and drop 1 floor!
  3710 | D:5      | Entered Level 5 of the Dungeon
  3741 | D:4      | Found a staircase to the Ecumenical Temple.
  3825 | D:4      | Learned a level 1 spell: Beastly Appendage
  3828 | D:4      | Learned a level 2 spell: Wereblood
  3832 | Temple   | Entered the Ecumenical Temple
  4281 | D:4      | Noticed Blork the orc
  4291 | D:4      | Reached skill level 5 in Fighting
  4297 | D:4      | Killed Blork the orc
  4298 | D:4      | Reached skill level 1 in Armour
  5003 | D:3      | Killed Crazy Yiuf
  5004 | D:3      | Reached XP level 7. HP: 61/61 MP: 9/9
  5132 | D:5      | Found a hide-covered altar of Uskayaw.
  5132 | D:5      | Noticed a +0 dagger
  5132 | D:5      | Noticed a +0 hand axe
  5132 | D:5      | Noticed Eustachio
  5615 | D:5      | Reached skill level 4 in Polearms
  5840 | D:5      | Killed Eustachio
  6112 | D:5      | Reached skill level 5 in Polearms
  6159 | D:5      | Reached XP level 8. HP: 41/68 MP: 8/12
  6408 | D:5      | Learned a level 3 spell: Mephitic Cloud
  6694 | D:5      | Reached skill level 1 in Summonings
  6743 | D:5      | Found a shimmering altar of Xom.
  6780 | D:5      | Noticed a yak
  6782 | D:5      | Noticed a yak
  6783 | D:5      | Noticed a yak
  6784 | D:5      | Noticed a yak
  6792 | D:5      | Killed a yak
  6792 | D:5      | Reached *** piety under Beogh
  6793 | D:5      | Reached skill level 6 in Polearms
  6801 | D:5      | Killed a yak
  6804 | D:5      | HP: 3/68 [yak (8)]
  6810 | D:5      | Slain by a yak

Illustrated notes

Levels and vault maps discovered:
D:1:      dpeg_arrival_lava_temple_mockup, layout_basic,
          minmay_misc_feat_diagonals, minmay_misc_feat_nine_boxes,
          minmay_misc_feat_x
D:2:      layout_rooms
D:3:      layout_loops_ring, nicolae_ru_great_annihilating_truth,
          minmay_tree_intersection, grunt_decor_junction,
          uniq_crazy_yiuf_cottage
D:4:      layout_loops_ring, temple_fountains, uniq_blork_the_orc
D:5:      layout_gridville, dancing_weapons_uskayaw, tgw_xom, uniq_eustachio
Temple:   eino_temple_lava

Skill      XL: |  1  2  3  4  5  6  7  8 |
---------------+-------------------------+-----
Fighting       | 4 5 |  5.0
Polearms       | 1 2 3 5 6 |  6.4
Stealth        | 2 |  2.0
Spellcasting   | 1 2 3 |  3.3
Conjurations   | 1 2 3 |  3.0
Dodging        | 3 |  3.0
Armour         | 1 2 |  2.0
Summonings     | 1 |  1.4
Short Blades   | |  0.2
Axes           | |  4.3
Transmutations | |  0.8
Air Magic      | |  0.1
Poison Magic   | |  0.2
Evocations     | |  0.1

Action                   |  1- 3 |  4- 6 |  7- 9 || total
-------------------------+-------+-------+-------++-------
Melee: Hand axe          |    29 |       |       ||    29
       Short sword       |    27 |       |       ||    27
       Trident           |    45 |    86 |    91 ||   222
       Kick              |       |     2 |       ||     2
       Headbutt          |       |     1 |       ||     1
 Cast: Magic Dart        |     8 |    64 |    49 ||   121
       Call Imp          |       |     2 |     3 ||     5
       Sublimation of Bl |       |     1 |       ||     1
       Beastly Appendage |       |     1 |       ||     1
       Wereblood         |       |       |     2 ||     2
       Mephitic Cloud    |       |       |     1 ||     1
Invok: Convert to Beogh  |       |     1 |       ||     1
Evoke: Wand              |       |       |     1 ||     1
  Use: Scroll            |     5 |     4 |     1 ||    10
       Potion            |       |     1 |     4 ||     5
 Stab: Sleeping          |     6 |     1 |       ||     7
       Distracted        |       |       |     1 ||     1
Armor: Robe              |    12 |     3 |       ||    15
       Leather armour    |       |     6 |    30 ||    36
Dodge: Dodged            |    54 |    56 |    83 ||   193

Table legend: (Time is in decaauts)
 A = Elapsed time spent in this place.
 B = Non-inter-level travel time spent in this place.
 C = Inter-level travel time spent in this place.
 D = Time resting spent in this place.
 E = Time spent auto-exploring this place.
 F = Levels seen in this place.
 G = Mean time per level.
                   A        B        C        D        E       F      G
               +--------+--------+--------+--------+--------+-----+--------+
         Total |   6814 |   6540 |    274 |   1552 |   4061 |   6 | 1135.7 |
       Dungeon |   6736 |   6467 |    269 |   1552 |   3989 |   5 | 1347.2 |
        Temple |     78 |     73 |      5 |      0 |     72 |   1 |   78.0 |
               +--------+--------+--------+--------+--------+-----+--------+

Top non-repeatable levels by time:
     D:3: 1877 daAuts
     D:5: 1685 daAuts
     D:4: 1290 daAuts
     D:1: 957 daAuts
     D:2: 926 daAuts
  Temple: 78 daAuts
